 Dungeon Crawl Stone Soup version 0.31-a0-1074-g0b22e4e0f1 (webtiles) character file.

Game seed: 17646459035963116992

309 Dittersdorf the Shield-Bearer (level 6, -17/39 HPs)
             Began as a Gargoyle Fighter on Nov 29, 2023.
             Demolished by an ogre
             ... wielding a +0 giant club
              (18 damage)
             ... on level 4 of the Dungeon.
             The game lasted 00:06:24 (3075 turns).

Dittersdorf the Shield-Bearer (Gargoyle Fighter)    Turns: 3075, Time: 00:06:24

Health: -17/39     AC: 11    Str: 21    XL:     6   Next: 41%
Magic:  6/6        EV:  9    Int:  9    God:
Gold:   241        SH:  4    Dex:  9    Spells: 3/5 levels left

rFire   + . .        a - +0 flail
rCold   . . .        c - +0 buckler
rNeg    + . .        b - +0 scale mail {rF+}
rPois   ∞            (no helmet)
rElec   +            (no cloak)
rCorr   .            (no gloves)
SInv    .            (no boots)
Will    .....        (no amulet) Stlth
                     (no ring)
HPRegen 0.26/turn    (no ring)
MPRegen 0.10/turn

%: no passive effects
@: no status effects
A: sickness immunity, AC +4, negative energy resistance 1, electricity
resistance, torment resistance 1, petrification resistance
a: no special abilities


You were on level 4 of the Dungeon.
You visited 1 branch of the dungeon, and saw 4 of its levels.
You also visited: Sewer.

You collected 241 gold pieces.

Inventory:

Hand Weapons
 a - a +0 flail (weapon)
Armour
 b - a +0 scale mail of fire resistance (worn)
 c - a +0 buckler (worn)
Scrolls
 e - a scroll of silence {unknown}
 f - a scroll of immolation {unknown}
 j - 4 scrolls of identify {unknown}
 k - a scroll of amnesia {unknown}
 l - 3 scrolls of fog {unknown}
 m - 2 scrolls of teleportation {unknown}
 q - a scroll of blinking {unknown}
 t - a scroll of revelation {unknown}
Potions
 d - a potion of might
 g - 2 potions of enlightenment {unknown}
 h - 2 potions of attraction {unknown}
 i - 2 potions of curing {unknown}
 n - 2 potions of brilliance {unknown}
 o - 2 potions of lignification {unknown}
 p - a potion of haste {unknown}
 r - 2 potions of magic {unknown}
 s - a potion of cancellation {unknown}
 u - a potion of resistance {unknown}


   Skills:
 + Level 4.7 Fighting
 + Level 3.6 Maces & Flails
 + Level 4.7 Armour
 + Level 4.7 Shields


You had 3 spell levels left.
You knew the following spells:

 Your Spells              Type           Power      Damage    Failure   Level
a - Passwall              Tmut/Erth      0%         N/A       89%         2

Your spell library contained the following spells:

 Spells                   Type           Power      Damage    Failure   Level
 Sandblast                Erth           0%         2d4       78%         1
 Stone Arrow              Conj/Erth      0%         3d7       98%         3
 Animate Armour           Summ/Erth      0%         N/A       100%        4
 Brom's Barrelling Bould  Conj/Erth      0%         2d3       100%        4
 Summon Lightning Spire   Summ/Air       0%         N/A       100%        4
 Lee's Rapid Deconstruct  Erth           0%         3d4*      100%        5


Dungeon Overview and Level Annotations

Branches:
Dungeon (4/15)              Sewer (visited)
 Temple: D:4-7

Altars:

Shops:
D:3 [


Innate Abilities, Weirdness & Mutations

You are immune to sickness and miasma.
Your stone body is resilient. (AC +4)
You are immune to poison.
You resist negative energy. (rN+)
You are resistant to electric shocks. (rElec)
You are resistant to unholy torment.
You are immune to petrification.


Message History

You closely miss the orc.
The orc is severely wounded.
The orc hits you but does no damage.
You sock the orc!
You kill the orc!
The orc hits you but does no damage. The orc barely misses you.
You closely miss the orc. The orc barely misses you.
You hit the orc.
The orc is severely wounded.
The orc hits you with a +0 dagger.
You completely miss the orc.
The orc is severely wounded.
You block the ogre's attack.
The orc priest looks satisfied for a moment.
The orc hits you but does no damage.
You hit the orc.
The orc is almost dead.
The orc barely misses you.
The ogre hits you with a +0 giant club!!
Ouch! That really hurt!
* * * LOW HITPOINT WARNING * * *
You block the orc's attack.
You are too injured to fight recklessly!
You are too injured to fight recklessly!
You are too injured to fight recklessly!
You are too injured to fight recklessly!
You are too injured to fight recklessly!
You are too injured to fight recklessly!
You are too injured to fight recklessly!
You are too injured to fight recklessly!
You are too injured to fight recklessly!
You are too injured to fight recklessly!
You are too injured to fight recklessly!
You are too injured to fight recklessly!
You are too injured to fight recklessly!
You are too injured to fight recklessly!
You are too injured to fight recklessly!
The ogre attacks as it pursues you!
The ogre hits you with a +0 giant club!!
You die...

## ...##. .............#..
......#......#.# ....
...........##..# #..#
..........#.....## #..#
.................# ..# ##
.................## #.# .## #
.......).....o#@..###.###
..#..
....o.......o)O$#..#....##....
#...........#)###.........#
..#..o.......## #.........##
##..<.....## #.#.........##
......###.#.............<....#
......
#...######.............# .....
....# ###..##..##.... .....
#.#..# #..###..# #..


You could see an ogre and an orc priest.

Vanquished Creatures
  A hound (D:3)
  An orc priest (D:3)
  An orc wizard (D:2)
  A gnoll (D:1)
  8 adders
  A river rat (Sewer)
  3 dart slugs
  5 worms
  13 orcs
  9 ball pythons
  4 endoplasms
  5 giant cockroaches
  11 goblins
  5 hobgoblins
  7 jackals
  4 quokkas
  10 bats
  2 frilled lizards
  10 kobolds
  4 rats
105 creatures vanquished.

Notes
Turn   | Place    | Note
-------+----------+-------------------------------------------
     0 | D:1      | Dittersdorf the Gargoyle Fighter began the quest for the
                  | Orb.
     0 | D:1      | Reached XP level 1. HP: 14/14 MP: 1/1
    48 | D:1      | Reached XP level 2. HP: 4/19 MP: 2/2
   449 | D:1      | Reached XP level 3. HP: 23/23 MP: 3/3
   963 | D:2      | Learned a level 2 spell: Passwall
  1052 | D:2      | Reached XP level 4. HP: 29/29 MP: 4/4
  1461 | D:3      | Found Curyps's Armour Emporium.
  1497 | D:3      | Found a glowing drain.
  1524 | Sewer    | Entered a sewer
  1655 | Sewer    | Reached XP level 5. HP: 33/33 MP: 5/5
  2186 | D:3      | Found a faded altar of an unknown god.
  2229 | D:3      | Reached XP level 6. HP: 35/39 MP: 6/6
  2645 | D:3      | Found a faded altar of an unknown god.
  2879 | D:3      | Found Curyps's Armour Emporium.
  3074 | D:4      | HP: 1/39 [ogre/+0 giant club (30)]
  3075 | D:4      | Demolished by an ogre

Illustrated notes

Levels and vault maps discovered:
D:1:      lightli_arrival_lavapool, layout_loops_ring
D:2:      layout_rooms
D:3:      layout_rooms, cheibrodos_sewer_entry_drain,
          ebering_ecumenical_altar_petrified, serial_shops,
          nicolae_shop_competitors_out_of_business, chequers_avenue
D:4:      layout_layer_cave, led_sif_pool, minmay_temple_entry_trees

Skill      XL: |  1  2  3  4 |
---------------+-------------+-----
Shields        | 4 |  4.7
Fighting       | 4 |  4.7
Armour         | 4 |  4.7
Maces & Flails | 3 |  3.6

Action                     |  1- 3 |  4- 6 || total
---------------------------+-------+-------++-------
  Melee: Flail             |   116 |   293 ||   409
 Armour: Scale mail        |    82 |   156 ||   238
         Chain mail        |       |   138 ||   138
  Dodge: Dodged            |    68 |   155 ||   223
  Block: Buckler           |    29 |    72 ||   101

Table legend: (Time is in decaauts)
 A = Elapsed time spent in this place.
 B = Non-inter-level travel time spent in this place.
 C = Inter-level travel time spent in this place.
 D = Time resting spent in this place.
 E = Time spent auto-exploring this place.
 F = Levels seen in this place.
 G = Mean time per level.
                   A        B        C        D        E       F      G
               +--------+--------+--------+--------+--------+-----+--------+
         Total |   3270 |   3172 |     98 |    255 |   1820 |   5 |  654.0 |
       Dungeon |   2730 |   2632 |     98 |    190 |   1636 |   4 |  682.5 |
         Sewer |    539 |    539 |      0 |     65 |    184 |   1 |  539.0 |
               +--------+--------+--------+--------+--------+-----+--------+

Top non-repeatable levels by time:
     D:3: 1065 daAuts
     D:1: 862 daAuts
     D:2: 758 daAuts
   Sewer: 539 daAuts
     D:4: 44 daAuts
